Map: New Repugnancy LE

Players

SpeCial - Winner!

  • Race: Terran Terran
  • Spawn Location: 7:00

MaNa

  • Race: Protoss Protoss
  • Spawn Location: 1:00

Event: 2019 WCS Summer

VOD

Have the link to the VOD?

Description

Time

  • Played on: July 13, 2019, 12:16 p.m.
  • Length: 14:14

All games in this series

Show
View Real Time Build Order
Export as new Build Order

SpeCial Terran - Winner!

Build Orders: Liberator Opening 

Get SALT Encoding   

  12  0:00  SCV  
  13  0:12  SCV  
  14  0:17  Supply Depot  
  14  0:24  SCV  
  15  0:39  SCV  
  15  0:40  Barracks  
  16  0:44  Refinery  
  16  0:51  SCV  
  16  0:55  Refinery  
  17  1:03  SCV  
  18  1:15  SCV  
  19  1:28  Orbital Command, Reaper  
  20  1:41  Supply Depot  
  20  1:44  Factory  
  20  1:53  SCV  
  21  2:00  Reaper  
  22  2:05  SCV  
  23  2:17  SCV  
  23  2:22  Command Center  
  24  2:28  Bunker  
  24  2:30  SCV  
  24  2:33  Factory Tech Lab  
  25  2:43  SCV  
  26  2:44  Starport  
  26  2:50  Supply Depot  
  26  2:51  Marine  
  27  3:02  Cyclone  
  30  3:08  SCV  
  30  3:09  Liberator  
  30  3:11  Barracks Reactor  
  31  3:20  SCV  
  34  3:32  SCV  
  34  3:38  Barracks, Widow Mine  
  36  3:44  Orbital Command  
  36  3:48  Marine  
  36  3:49  Marine  
  38  4:00  Siege Tank  
  38  4:01  Bunker  
  41  4:07  Marine x2  
  43  4:14  Viking  
  46  4:17  SCV  
  46  4:19  SCV  
  47  4:25  Marine, Supply Depot  
  47  4:27  Marine  
  47  4:30  Marine  
  50  4:36  SCV x2  
  52  4:46  Siege Tank  
  55  4:53  Marine x2  
  55  4:54  Medivac  
  55  4:56  SCV  
  60  5:00  SCV  
  60  5:05  Marine  
  62  5:17  Barracks  
  62  5:33  Supply Depot  
  62  5:34  Orbital Command, Barracks Tech Lab  
  62  5:35  Supply Depot  
  62  5:36  Marine x2, SCV  
  66  5:48  SCV  
  63  5:50  Siege Tank  
  63  5:51  Supply Depot  
  63  5:54  Marine  
  63  5:55  Marine x2  
  69  6:00  SCV  
  70  6:07  SCV  
  71  6:11  Marine  
  71  6:12  Marine, SCV  
  71  6:14  Supply Depot  
  71  6:18  Marine  
  72  6:19  SCV  
  72  6:25  Liberator, SCV  
  74  6:28  Orbital Command  
  74  6:29  Marine  
  74  6:30  Marine  
  74  6:31  SCV  
  77  6:37  Siege Tank, SCV  
  77  6:38  Marine  
  77  6:39  Marine  
  83  6:47  Marine  
  83  6:49  SCV  
  85  6:57  Marine x2  
  85  7:00  SCV  
  86  7:01  SCV  
  86  7:08  Marine x2  
  86  7:09  Siege Tank  
  86  7:12  SCV  
  86  7:15  Marine  
  92  7:19  SCV  
  94  7:24  SCV  
  94  7:26  Refinery x2  
  94  7:27  Barracks Tech Lab  
  95  7:36  Command Center  
  95  7:40  Starport Reactor  
  95  7:44  Barracks Tech Lab  
  95  7:49  Engineering Bay, SCV  
  95  7:51  Engineering Bay, SCV  
  96  7:53  Factory Reactor, Stimpack, Marine x3  
  100  8:01  SCV, Supply Depot  
  100  8:05  SCV, Supply Depot  
  102  8:08  Combat Shield  
  102  8:20  Supply Depot  
  102  8:22  Marine x2, SCV  
  102  8:24  Supply Depot  
  102  8:26  Marine  
  108  8:27  Marauder  
  108  8:30  Supply Depot  
  107  8:40  Marine  
  88  8:44  Marauder, Marine  
  88  8:45  SCV x2  
  88  8:46  Widow Mine x2, Medivac x2  
  81  8:57  SCV  
  81  8:58  Marine  
  81  8:59  Terran Infantry Weapons Level 1, Terran Infantry Armor Level 1  
  77  9:05  Orbital Command  
  77  9:09  Widow Mine  
  64  9:18  Marine x2  
  64  9:19  Marauder  
  64  9:25  SCV x2  
  65  9:39  Marauder  
  65  9:43  Bunker  
  65  9:44  Widow Mine  
  69  9:47  Widow Mine  
  69  10:00  Barracks x2  
  69  10:01  Marauder, Marine x3  
  69  10:06  Widow Mine  
  76  10:08  Widow Mine  
  76  10:09  Concussive Shells  
  75  10:19  Marauder, Marine x2  
  71  10:23  Marauder  
  65  10:31  SCV  
  58  10:36  Marine x2, SCV x2  
  58  10:41  Marauder  
  55  10:44  Marauder  
  55  10:48  Marine x2  
  51  10:54  Marine  
  50  11:00  Marine  
  50  11:02  Marauder  
  49  11:10  Marine  
  50  11:17  SCV  
  51  11:21  Marine  
  51  11:25  SCV  
  51  11:31  SCV x2  
  51  11:33  Marine  
  51  11:34  Marine  
  51  11:38  Marine x2  
  55  11:40  Marine  
  55  11:44  Marine  
  57  11:48  SCV  
  57  11:50  SCV  
  57  11:51  Marine, SCV  
  61  11:56  Marauder  
  61  11:57  Marine x2  
  61  12:01  Marine, SCV  
  66  12:02  Marine, SCV  
  66  12:04  Orbital Command  
  69  12:08  Marine  
  69  12:15  Marine x2, SCV  
  72  12:16  Widow Mine  
  72  12:18  Marauder  
  72  12:19  Marine  
  79  12:22  Widow Mine  
  79  12:26  Marauder, Marine  
  74  12:30  Medivac  
  74  12:31  Medivac  
  74  12:36  Marine  
  66  12:37  Marine  
  66  12:38  Marine  
  66  12:39  Marauder  
  66  12:43  SCV x2  
  70  12:44  Marine  
  70  12:47  Widow Mine  
  70  12:48  Marauder  
  70  12:50  SCV  
  75  12:54  Marine  
  75  12:55  SCV  
  66  13:00  Marine  
  66  13:01  Marine, Marauder  
  66  13:02  Marine  
  71  13:09  Marauder  
  71  13:10  SCV  
  71  13:12  Marine, SCV  
  76  13:13  SCV  
  76  13:17  Marine  
  78  13:22  Marauder  
  78  13:23  Widow Mine  
  78  13:24  Widow Mine  
  79  13:30  Marauder  
  67  13:34  Marine  
  67  13:38  Marine  
  67  13:39  Marine  
  59  13:43  Marauder, Marine  
  59  13:44  Widow Mine  
  59  13:46  Widow Mine  
  63  13:52  Marine, Marauder  
  63  13:53  SCV  
  65  13:58  SCV  
  65  14:01  SCV  
  72  14:13  Factory Reactor  
Show
View Real Time Build Order
Export as new Build Order

MaNa Protoss 

Build Orders:  

Get SALT Encoding   

  12  0:00  Probe  
  13  0:12  Probe  
  14  0:17  Pylon  
  14  0:24  Probe  
  15  0:32  Probe  
  15  0:37  Gateway  
  15  0:40  Probe  
  16  0:47  Assimilator  
  17  0:51  Probe  
  18  1:03  Probe  
  19  1:04  Assimilator  
  19  1:15  Probe  
  19  1:16  Gateway  
  20  1:24  Cybernetics Core  
  20  1:27  Probe  
  21  1:34  Pylon  
  21  1:39  Probe  
  22  1:51  Probe  
  22  1:52  Stalker  
  22  1:54  Adept  
  28  2:08  Probe  
  28  2:09  Warp Gate  
  28  2:19  Pylon  
  28  2:20  Probe  
  29  2:25  Stalker  
  31  2:38  Robotics Facility  
  31  2:41  Stalker  
  33  2:51  Probe  
  33  3:05  Stalker  
  36  3:10  Pylon  
  36  3:11  Probe  
  36  3:19  Immortal  
  38  3:32  Probe  
  41  3:47  Nexus  
  42  3:57  Warp Prism  
  42  4:01  Probe  
  44  4:06  Sentry  
  46  4:11  Pylon  
  46  4:13  Probe  
  47  4:22  Twilight Council  
  47  4:26  Observer  
  47  4:29  Probe  
  48  4:32  Sentry  
  51  4:39  Pylon  
  51  4:41  Probe  
  54  5:04  Stalker x2  
  54  5:06  Probe x2  
  53  5:12  Charge  
  53  5:18  Probe  
  54  5:27  Probe  
  55  5:30  Probe  
  56  5:39  Probe  
  56  5:42  Probe  
  58  5:46  Observer, Immortal  
  62  5:54  Probe x2  
  64  6:06  Probe x2, Zealot x2  
  69  6:13  Gateway  
  69  6:18  Probe x2  
  70  6:24  Gateway  
  70  6:25  Assimilator  
  71  6:26  Observer  
  71  6:30  Probe, Templar Archives  
  73  6:38  Probe  
  70  6:42  Probe  
  70  6:44  Observer, Zealot  
  70  6:45  Zealot  
  75  6:50  Probe  
  75  6:52  Psionic Storm  
  76  6:54  Probe  
  75  7:03  Probe  
  75  7:06  Probe  
  76  7:09  High Templar  
  76  7:11  Gateway  
  76  7:13  Pylon  
  76  7:14  Pylon  
  78  7:24  Pylon  
  78  7:27  Pylon  
  78  7:32  Probe  
  78  7:33  High Templar  
  78  7:35  Probe  
  78  7:36  Nexus  
  82  7:37  Pylon  
  82  7:39  Assimilator  
  82  7:44  Probe  
  82  7:45  Zealot x3  
  89  8:01  Robotics Facility  
  89  8:05  High Templar  
  89  8:08  Zealot x4  
  99  8:16  Forge  
  92  8:29  Stalker x2  
  85  8:40  Archon  
  67  8:41  Zealot  
  55  9:06  Zealot x3  
  49  9:30  High Templar  
  49  9:31  Zealot x3, High Templar  
  55  9:32  Probe x2  
  55  9:34  Probe  
  55  9:38  Archon  
  58  9:44  Probe x2  
  60  9:46  Probe  
  60  9:49  Zealot x2  
  60  9:51  Zealot  
  67  9:56  Probe x2  
  67  9:57  High Templar  
  67  9:58  Probe  
  72  10:08  Probe x2  
  70  10:15  Probe  
  70  10:20  Probe  
  70  10:21  Protoss Ground Armor Level 1  
  70  10:24  Zealot x4  
  56  10:53  Zealot x5  
  58  11:16  Pylon  
  58  11:17  Zealot  
  54  11:21  Probe x2  
  54  11:22  Warp Prism  
  56  11:26  Probe  
  56  11:30  Pylon  
  55  11:33  Probe  
  55  11:34  Probe  
  55  11:39  High Templar  
  61  11:45  Stalker  
  61  11:48  Shield Battery  
  61  11:52  High Templar x2  
  61  11:57  Archon  
  61  12:00  Immortal  
  54  12:03  Zealot x2  
  54  12:06  Probe  
  56  12:20  Zealot  
  56  12:29  Archon  
  41  12:37  Zealot x3  
  47  12:45  High Templar  
  44  13:00  High Templar x2  
  44  13:01  High Templar  
  50  13:09  Stalker  
  51  13:19  Probe  
  52  13:20  Probe  
  30  13:41  Archon  
  20  14:01  High Templar x2  
  20  14:02  Zealot  
  26  14:05  Archon  
Tags
 
Add a new tag
Caveats
  • Supply blocks, unpowered buildings, or Contaminate may cause inaccurate times.
  • Supply counts are checked every 10 seconds.